 Dungeon Crawl Stone Soup version 0.28-a0-1142-gc8569940dd (webtiles) character file.

Game seed: 10687996501279909767

65 Peloso the Shield-Bearer (level 3, -3/33 HPs)
             Began as a Minotaur Fighter on Dec 13, 2021.
             Killed from afar by an orc wizard (6 damage)
             ... with a magic dart
             ... on level 3 of the Dungeon.
             The game lasted 00:01:46 (1389 turns).

Peloso the Shield-Bearer (Minotaur Fighter)         Turns: 1389, Time: 00:01:46

Health: -3/33      AC:  7    Str: 20    XL:     3   Next: 94%
Magic:  2/2        EV:  9    Int:  5    God:
Gold:   59         SH:  5    Dex: 11    Spells: 2/2 levels left

rFire   . . .      SeeInvis .   a - +0 long sword
rCold   . . .      Faith    .   c - +0 buckler
rNeg    . . .      Spirit   .   b - +0 scale mail
rPois   .          Reflect  .   (helmet restricted)
rElec   .          Harm     .   (no cloak)
rCorr   .          Rampage  .   (no gloves)
Will    .....                   (no boots)
Stlth   ..........              (no amulet)
HPRegen 0.11/turn               (no ring)
MPRegen 0.08/turn               (no ring)

@: no status effects
A: horns 2, retaliatory headbutt
a: no special abilities


You were on level 3 of the Dungeon.
You visited 1 branch of the dungeon, and saw 3 of its levels.

You collected 59 gold pieces.

Inventory:

Hand Weapons
 a - a +0 long sword (weapon)
Armour
 b - a +0 scale mail (worn)
 c - a +0 buckler (worn)
Scrolls
 e - a scroll of teleportation {unknown}
 f - a scroll of noise {unknown}
 h - a scroll of silence {unknown}
Potions
 d - 2 potions of might
 g - a potion of haste {unknown}


   Skills:
 + Level 3.8 Fighting
 + Level 3.4 Long Blades
 + Level 4.4 Armour
 + Level 0.1 Dodging
 + Level 4.4 Shields


You had 2 spell levels left.
You didn't know any spells.
Your spell library contained the following spells:

 Spells                   Type           Power      Damage    Failure   Level
 Slow                     Hex            0%         N/A       82%         1
 Confusing Touch          Hex            0%         N/A       99%         3
 Vampiric Draining        Necr           0%         2d6       99%         3


Dungeon Overview and Level Annotations

Branches:
Dungeon (3/15)

Altars:


Innate Abilities, Weirdness & Mutations

You have a pair of horns on your head.
You reflexively headbutt those who attack you in melee.


Message History

An orc and an orc wizard come into view.
The orc wizard shouts!
You block the orc priest's attack. The orc hits you with a +0 short sword.
You hit the orc.
The orc is lightly wounded.
The orc priest calls down the wrath of Beogh upon you.
Beogh smites you! You block the orc's attack. The orc priest barely misses you.
You closely miss the orc. You headbutt the orc.
The orc is heavily wounded.
The orc closely misses you. The orc hits you with a +0 short sword.
You hit the orc but do no damage.
The orc is heavily wounded.
The orc priest looks satisfied for a moment.
The orc wizard casts a spell.
The orc wizard flickers and vanishes!
Deactivating autopickup; reactivate with Ctrl-A.
You block the orc's attack.
You hit the orc but do no damage.
The orc is heavily wounded.
The orc barely misses you. You furiously retaliate!
You headbutt the orc. You slash the orc!
You kill the orc!
The orc priest hits you but does no damage.
You slash the orc priest!
The orc priest is severely wounded.
The orc priest hits you but does no damage.
You hit the orc priest but do no damage.
Your headbutt misses the orc priest.
The orc priest is severely wounded.
The orc priest hits you with a +0 hand axe.
You hit the orc priest.
The orc priest is almost dead.
The orc priest calls down the wrath of Beogh upon you.
Beogh smites you!
* * * LOW HITPOINT WARNING * * *
You hit the orc priest.
You kill the orc priest!
A magic dart appears from out of thin air!
The magic dart hits you.
You die...

###### #....#
#################....####
......{)@...........)....
####..o##########....##..
#... ######... #... #...
#... #... .... #... .....
#.#. #..... #.#. #.#.


You could see an orc.

Vanquished Creatures
  An orc priest (D:3)
  2 adders (D:2)
  An orc (D:3)
  5 ball pythons
  3 bats
  A giant cockroach (D:1)
  5 goblins
  A hobgoblin (D:1)
  6 jackals (D:1)
  7 kobolds
  2 quokkas
  3 frilled lizards (D:1)
  4 rats
41 creatures vanquished.

Notes
Turn   | Place    | Note
-------+----------+-------------------------------------------
     0 | D:1      | Peloso the Minotaur Fighter began the quest for the Orb.
     0 | D:1      | Reached XP level 1. HP: 19/19 MP: 0/0
   336 | D:1      | Reached XP level 2. HP: 27/27 MP: 1/1
   745 | D:1      | Reached XP level 3. HP: 33/33 MP: 2/2
  1267 | D:2      | Found a faded altar of an unknown god.
  1276 | D:2      | You fall into a shaft and drop 1 floor!
  1389 | D:3      | Killed from afar by an orc wizard

Illustrated notes

Levels and vault maps discovered:
D:1:      dpeg_arrival_connections, layout_basic
D:2:      layout_basic, hellmonk_ecumenical_altar_zigzags, serial_aquarium,
          aquarium_bridge_straight [aquarium_subvault_bridge,
          aquarium_subvault_wall, aquarium_subvault_bridge,
          aquarium_subvault_window], aquarium_window_corridor_1,
          aquarium_window_2, aquarium_window_2, aquarium_view_2d,
          aquarium_view_2e, aquarium_balcony_3a, aquarium_pool_split
D:3:      layout_basic, grunt_temple_overflow_order_and_chaos_2

Skill      XL: |  1  2  3 |
---------------+----------+-----
Shields        | 4 |  4.4
Armour         | 4 |  4.4
Long Blades    | 3 |  3.4
Fighting       | |  3.8
Dodging        | |  0.1

Action                   || total
-------------------------++-------
Melee: Long sword        ||   104
       Headbutt          ||     6
Armor: Scale mail        ||    62
Dodge: Dodged            ||    48
Block: Buckler           ||    39

Table legend: (Time is in decaauts)
 A = Elapsed time spent in this place.
 B = Non-inter-level travel time spent in this place.
 C = Inter-level travel time spent in this place.
 D = Time resting spent in this place.
 E = Time spent auto-exploring this place.
 F = Levels seen in this place.
 G = Mean time per level.
                   A        B        C        D        E       F      G
               +--------+--------+--------+--------+--------+-----+--------+
         Total |   1415 |   1402 |     13 |      0 |   1081 |   3 |  471.7 |
       Dungeon |   1415 |   1402 |     13 |      0 |   1081 |   3 |  471.7 |
               +--------+--------+--------+--------+--------+-----+--------+

Top non-repeatable levels by time:
     D:1: 1118 daAuts
     D:2: 182 daAuts
     D:3: 115 daAuts
